 Dungeon Crawl Stone Soup version 0.26.1-2-gb8aa6d0cf2 (webtiles) character file.

Game seed: 12374947647243830569

1212 phalm the Covert (level 8, -2/55 HPs)
             Began as an Octopode Delver on Mar 31, 2021.
             Was a Believer of Qazlal.
             Slain by a bullfrog (4 damage)
             ... on level 5 of the Dungeon.
             The game lasted 00:12:27 (5266 turns).

phalm the Covert (Octopode Delver)                  Turns: 5266, Time: 00:12:27

Health: -2/55      AC:  1    Str: 12    XL:     8   Next: 46%
Magic:  11/11      EV: 15    Int: 13    God:    Qazlal [**....]
Gold:   293        SH:  2    Dex: 14    Spells: 8/11 levels left

rFire    . . .     SeeInvis .   a - +0 short sword
rCold    . . .     Faith    .   (no shield)
rNeg     . . .     Spirit   .   (helmet restricted)
rPois    .         Reflect  .   r - amulet of regeneration
rElec    .         Harm     .   n - ring of stealth
rCorr    .         Rampage  .   (no ring)
Will     .....                  (no ring)
Stlth    +++++.....             (no ring)
HPRegen  0.58/turn              (no ring)
MPRegen  0.12/turn              (no ring)
                                (no ring)
                                (no ring)

@: no status effects
A: almost no armour, stealthy swim, amphibious, 8 rings, constrict 8, camouflage
1, gelatinous body 1
a: Renounce Religion, Upheaval


You were on level 5 of the Dungeon.
You worshipped Qazlal.
Qazlal was pleased with you.
You visited 1 branch of the dungeon, and saw 6 of its levels.

You collected 293 gold pieces.

Inventory:

Hand Weapons
 a - a +0 short sword (weapon)
Jewellery
 m - an uncursed amulet of guardian spirit
 n - a ring of stealth (left tentacle)
 r - an amulet of regeneration (around mantle)
Wands
 f - a wand of digging (3)
 l - a wand of enslavement (5)
 s - a wand of disintegration (15)
Scrolls
 b - 2 scrolls of fog
 c - a scroll of magic mapping
 d - 2 scrolls of fear
 g - 7 scrolls of remove curse
 h - 3 scrolls of amnesia
 j - 4 scrolls of teleportation
 u - a scroll of enchant weapon {unknown}
Potions
 e - 3 potions of haste
 i - 2 potions of flight
 k - 5 potions of curing
 o - a potion of might
 p - a potion of berserk rage
 q - a potion of lignification
 t - a potion of heal wounds {unknown}
 v - a potion of mutation {unknown}
 w - a potion of degeneration {unknown}
 x - a potion of cancellation {unknown}


   Skills:
 + Level 5.1 Fighting
 + Level 4.7 Short Blades
 + Level 4.7 Dodging
 - Level 8.3 Stealth
 * Level 2.2 Spellcasting
 * Level 2.3 Transmutations
 * Level 3.0 Poison Magic
 + Level 2.2 Invocations


You had 8 spell levels left.
You knew the following spells:

 Your Spells              Type           Power        Failure   Level
a - Spider Form           Tmut/Pois      4%           26%         3

Your spell library contained the following spells:

 Spells                   Type           Power        Failure   Level
 Beastly Appendage        Tmut           14%          10%         1
 Wereblood                Tmut           7%           14%         2
 Ice Form                 Ice/Tmut       4%           83%         4
 Blade Hands              Tmut           3%           95%         5


Dungeon Overview and Level Annotations

Branches:
Dungeon (6/15)
 Temple: D:4-7

Altars:
Ashenzari
Fedhas
Makhleb
Okawaru
Qazlal
Zin

Annotations:
D:6 Eustachio


Innate Abilities, Weirdness & Mutations

You cannot wear most types of armour.
You are very stealthy in the water. (Stealth+)
You are amphibious.
You can wear up to eight rings at the same time.
You can use your tentacles to constrict eight enemies at once.
Your skin changes colour to match your surroundings (Stealth+).
Your rubbery body absorbs attacks. (AC +1, EV +1)


Message History

You constrict the bullfrog. The bullfrog misses you.
The bullfrog completely misses you.
You barely miss the bullfrog. You squeeze the bullfrog!
The bullfrog is severely wounded.
You constrict the bullfrog. The bullfrog hits you!
* * * LOW HITPOINT WARNING * * *
The bullfrog misses you. The bullfrog hits you.
* * * LOW HITPOINT WARNING * * *
You hit the bullfrog.
The bullfrog is almost dead.
You constrict the bullfrog.
You kill the bullfrog!
Qazlal accepts your kill. The bullfrog closely misses you.
Your Poison Magic skill increases to level 3!
You closely miss the bullfrog. Your grab misses the bullfrog.
Your squeeze misses the bullfrog.
The bullfrog is moderately wounded.
The bullfrog hits you.
You die...

##########.# ...........#
##########.# ...# #.# .#.##
####'### ....# #......# ....#
#......#
....###......####################
...............F@†...............
######.###.#.####################
#......##.#.#........# #.......
#.###..##.#.#.######.####.#####.
#.# #..##.#.#...............# #.
#.# #.†##.#.#######.#####.#.# #.
#.# #..##.#.# #.# #.#.# #. #.#
#..##.#.#######.#####.#.# #.
##.###..##.#.............#.#.# #.


You could see a bullfrog.

Vanquished Creatures
  Grinder (D:5)
  Sigmund (D:5)
  A sky beast (D:5)
  An ogre (D:4)
  A bullfrog (D:5)
  A scorpion (D:5)
  A howler monkey (D:4)
  2 orc priests
  2 orc wizards
  A centaur skeleton (D:6)
  Natasha (thrice) (D:3)
  2 worker ants
  A hound skeleton (D:4)
  4 gnolls
  A howler monkey skeleton (D:5)
  3 adders
  A white imp (D:5)
  An ufetubus (D:5)
  3 oozes
  An adder skeleton (D:6)
  5 worms
  A dart slug (D:2)
  5 leopard geckos
  14 orcs
  A ball python (D:2)
  2 giant cockroaches
  12 goblins
  6 hobgoblins
  10 jackals
  8 kobolds
  A quokka (D:5)
  6 bats
  10 frilled lizards
  A jackal skeleton (D:4)
  2 leopard gecko skeletons (D:4)
  11 rats
127 creatures vanquished.

Vanquished Creatures (others)
  4 plants (D:1)
4 creatures vanquished.

Grand Total: 131 creatures vanquished

Notes
Turn   | Place    | Note
-------+----------+-------------------------------------------
     0 | D:5      | phalm the Octopode Delver began the quest for the Orb.
     0 | D:5      | Reached XP level 1. HP: 16/16 MP: 1/1
     3 | D:5      | Noticed Sigmund
    63 | D:4      | Noticed an ogre
   241 | D:1      | Reached XP level 2. HP: 15/21 MP: 2/2
   482 | D:1      | Reached XP level 3. HP: 26/26 MP: 3/3
   705 | D:1      | Reached skill level 7 in Stealth
  1575 | D:2      | Reached XP level 4. HP: 31/31 MP: 4/4
  2145 | D:2      | Found an iron altar of Okawaru.
  2145 | D:2      | Found a stormy altar of Qazlal.
  2158 | D:2      | Became a worshipper of Qazlal Stormbringer
  2281 | D:2      | Found a burning altar of Makhleb.
  2541 | D:3      | Reached XP level 5. HP: 33/37 MP: 5/5
  2739 | D:3      | Reached * piety under Qazlal
  2783 | D:3      | Noticed Natasha
  2790 | D:3      | Killed Natasha
  2888 | D:3      | Found a stormy altar of Qazlal.
  2939 | D:3      | Reached XP level 6. HP: 43/43 MP: 6/6
  3078 | D:3      | Noticed Natasha
  3090 | D:3      | Killed Natasha
  3144 | D:3      | Found a faded altar of an unknown god.
  3310 | D:3      | Noticed Natasha
  3314 | D:3      | Killed Natasha
  3315 | D:3      | Reached skill level 8 in Stealth
  3443 | D:4      | Reached XP level 7. HP: 35/49 MP: 7/7
  3526 | D:4      | Found a glowing silver altar of Zin.
  3589 | D:4      | Reached ** piety under Qazlal
  4128 | D:5      | Reached skill level 1 in Invocations
  4135 | D:5      | Learned a level 3 spell: Spider Form
  4455 | D:5      | Reached skill level 1 in Poison Magic
  4579 | D:5      | Found a broken altar of Ashenzari.
  4579 | D:5      | Noticed Grinder
  4592 | D:5      | Killed Grinder
  4593 | D:5      | Reached skill level 5 in Fighting
  4593 | D:5      | Reached skill level 1 in Spellcasting
  4593 | D:5      | Reached skill level 1 in Transmutations
  4593 | D:5      | Reached XP level 8. HP: 18/55 MP: 8/10
  4779 | D:5      | Killed Sigmund
  5008 | D:5      | Found a blossoming altar of Fedhas.
  5236 | D:6      | Noticed Eustachio
  5264 | D:5      | HP: 1/55 [bullfrog (4)]
  5266 | D:5      | Slain by a bullfrog

Illustrated notes

Levels and vault maps discovered:
D:1:      wander_arrival_chamber, layout_basic, serial_forest,
          infiniplex_forest_corner_2, infiniplex_forest_side_room,
          infiniplex_forest_straight_3, infiniplex_forest_straight_1,
          infiniplex_forest_side_room, infiniplex_forest_straight_2,
          infiniplex_forest_clump_small, infiniplex_forest_end_3,
          infiniplex_forest_lined_room_3, minmay_lizard_king
D:2:      layout_rooms, gammafunk_temple_overflow_wave, marbit_many_paths,
          grunt_ministairs_5, grunt_decor_fettered, minmay_misc_feat_cross,
          grunt_decor_cap, minmay_misc_feat_pillars
D:3:      layout_basic, chequers_ecumenical_altar_simple_redux,
          hex_intersection, grunt_qazlal_clouds, uniq_natasha
D:4:      layout_loops_ring, nicolae_overflow_crystal_walls
D:5:      layout_basic, fedhas_altar_4, ashenzari_altar_1, uniq_sigmund,
          uniq_grinder
D:6:      layout_rooms, lemuel_temple_firewalk_b, st_stairs_3,
          minmay_fractal_squares_gapless_5, uniq_eustachio

Skill      XL: |  1  2  3  4  5  6  7  8 |
---------------+-------------------------+-----
Stealth        | 7 8 |  8.3
Short Blades   | 3 4 |  4.7
Dodging        | 3 4 |  4.7
Fighting       | 4 5 |  5.1
Invocations    | 1 2 |  2.2
Poison Magic   | 2 3 |  3.0
Spellcasting   | 1 2 |  2.2
Transmutations | 1 2 |  2.3

Action                   |  1- 3 |  4- 6 |  7- 9 || total
-------------------------+-------+-------+-------++-------
Melee: Whip              |    12 |       |       ||    12
       Constrict         |    13 |    33 |    20 ||    66
       Tentacles         |    11 |    33 |    28 ||    72
       Short sword       |    65 |   163 |   124 ||   352
  Use: Scroll            |     3 |     5 |     2 ||    10
 Stab: Sleeping          |    17 |    10 |       ||    27
       Distracted        |       |     2 |       ||     2
Armor: Skin              |     5 |    11 |     3 ||    19
Dodge: Dodged            |    40 |    89 |    86 ||   215
Block: Other             |       |     4 |    11 ||    15
